 Dungeon Crawl Stone Soup version 0.19-a0-1792-g28b16ba (webtiles) character file.

321 twist the Cleaver (level 6, -1/51 HPs)
             Began as a Minotaur Fighter on Oct 4, 2016.
             Was an Initiate of Okawaru.
             Slain by Duvessa
             ... wielding a +0 short sword of venom
              (2 damage)
             ... on level 5 of the Dungeon.
             The game lasted 00:03:25 (3202 turns).

twist the Cleaver (Minotaur Fighter)                Turns: 3202, Time: 00:03:26

Health: -1/51      AC:  7    Str: 25    XL:     6   Next: 22%
Magic:  5/5        EV:  8    Int:  5    God:    Okawaru [......]
Gold:   55         SH: 10    Dex: 12    Spells: 0 memorised, 5 levels left

rFire  . . .     SeeInvis .     g - +1 hand axe (elec)
rCold  . . .     Gourm    .     b - +1 scale mail
rNeg   . . .     Faith    .     c - +0 shield
rPois  .         Spirit   .     (helmet restricted)
rElec  .         Dismiss  .     (no cloak)
rCorr  .         Reflect  .     (no gloves)
MR     .....     Harm     +     (no boots)
Stlth  ..........               i - amulet of harm
                                (no ring)
                                y - +1 ring of evasion

@: mighty, lethally poisoned (-1 -> -19)
A: retaliatory headbutt, horns 2
a: Renounce Religion


You were on level 5 of the Dungeon.
You worshipped Okawaru.
Okawaru was noncommittal.
You were not hungry.

You visited 1 branch of the dungeon, and saw 5 of its levels.

You collected 176 gold pieces.
You spent 121 gold pieces at shops.

Inventory:

Hand Weapons
 a - a +0 war axe
 g - a +1 hand axe of electrocution (weapon)
 r - a +0 blowgun
Missiles
 q - 20 poisoned needles
Armour
 b - a +1 scale mail (worn)
 c - a +0 shield (worn)
Jewellery
 i - an amulet of harm (around neck)
 y - a +1 ring of evasion (left hand)
Scrolls
 m - 5 scrolls of identify {unknown}
 o - a scroll of amnesia {unknown}
 u - a scroll of blinking {unknown}
 w - 2 scrolls of magic mapping
 x - a scroll of enchant weapon {unknown}
 B - a scroll of fog {unknown}
Potions
 e - a potion of resistance {unknown}
 k - 2 potions of magic {unknown}
 l - a potion of lignification {unknown}
 n - a potion of degeneration {unknown}
 s - a potion of cure mutation {unknown}
 t - a potion of ambrosia {unknown}
 v - a potion of heal wounds {unknown}
 z - a potion of cancellation {unknown}
Comestibles
 f - 7 bread rations
 h - 3 meat rations
 p - 3 beef jerkies


   Skills:
 - Level 3.6 Fighting
 + Level 8.0 Axes
 - Level 3.6 Armour
 - Level 3.6 Shields


You had 5 spell levels left.
You didn't know any spells.

Dungeon Overview and Level Annotations

Branches:
Dungeon (5/15)
 Temple: D:4-7

Altars:
Dithmenos
Elyvilon
Nemelex Xobeh
Okawaru
Yredelemnul

Shops:
D:4 *

Annotations:
D:5 Duvessa


Innate Abilities, Weirdness & Mutations

You reflexively headbutt those who attack you in melee.
You have a pair of horns on your head.


Message History

Duvessa is moderately wounded.
You feel sick.
Duvessa hits you with a short sword of venom!
* * * LOW HITPOINT WARNING * * *
Duvessa hits you with a short sword of venom!
* * * LOW HITPOINT WARNING * * *
You are more poisoned.
Unknown command.
You are too injured to fight recklessly!
Unknown command.
Unknown command.
You feel very mighty all of a sudden.
* * * LOW HITPOINT WARNING * * *
You feel sick. Duvessa closely misses you.
Your shield and scale mail prevent you from hitting Duvessa.
Duvessa is moderately wounded.
* * * LOW HITPOINT WARNING * * *
You feel sick.
Duvessa hits you with a short sword of venom.
You die...

#.# #.# #.# #.# ##
##########.####...
#........#.#....
#.......<#...#
#........#@e#
#######...).#
##.....#
...........
#####.#.#...
#.#......
#.##..... #.#
#.... .# ...


You could see Duvessa (berserk).

Vanquished Creatures
  Dowan (D:5)
  A centaur skeleton (D:4)
  Terence (D:2)
  Natasha (thrice) (D:2)
  A worker ant (D:4)
  2 adders (D:4)
  An ooze (D:3)
  3 worms
  2 dart slugs
  A leopard gecko (D:1)
  10 orcs (D:4)
  6 giant cockroaches
  2 gnoll zombies (D:3)
  2 goblins (D:3)
  5 hobgoblins
  8 jackals
  3 kobolds
  4 ball pythons
  10 bats
  5 frilled lizards
  7 rats
78 creatures vanquished.

Notes
Turn   | Place    | Note
-------+----------+-------------------------------------------
     0 | D:1      | twist the Minotaur Fighter began the quest for the Orb.
     0 | D:1      | Reached XP level 1. HP: 19/19 MP: 0/0
    37 | D:1      | Reached skill level 3 in Axes
   104 | D:1      | Reached XP level 2. HP: 26/26 MP: 1/1
   318 | D:1      | Reached skill level 4 in Axes
   451 | D:2      | Noticed Natasha
   454 | D:2      | Noticed a crimson imp
   457 | D:2      | Killed Natasha
   457 | D:2      | Reached XP level 3. HP: 29/31 MP: 2/2
   464 | D:2      | Noticed Natasha
   472 | D:2      | Killed Natasha
   472 | D:2      | Reached skill level 5 in Axes
   472 | D:2      | Reached XP level 4. HP: 12/39 MP: 3/3
   559 | D:2      | Noticed Terence
   564 | D:2      | Killed Terence
   803 | D:2      | Noticed Natasha
   809 | D:2      | Killed Natasha
   809 | D:2      | Reached skill level 6 in Axes
   893 | D:2      | Reached XP level 5. HP: 45/45 MP: 4/4
  1129 | D:2      | Found a white marble altar of Elyvilon.
  1930 | D:3      | Found a sparkling altar of Nemelex Xobeh.
  1938 | D:3      | Found an iron altar of Okawaru.
  1941 | D:3      | Found a shadowy altar of Dithmenos.
  2106 | D:3      | Found a basalt altar of Yredelemnul.
  2395 | D:3      | Became a worshipper of Warmaster Okawaru
  2562 | D:4      | Reached skill level 7 in Axes
  2941 | D:4      | Found Tahael's Assorted Antiques.
  2950 | D:4      | Bought a buckler for 121 gold pieces
  3056 | D:4      | Reached XP level 6. HP: 46/51 MP: 5/5
  3188 | D:5      | Entered Level 5 of the Dungeon
  3193 | D:5      | Noticed Duvessa
  3193 | D:5      | Noticed Dowan
  3198 | D:5      | Killed Dowan
  3198 | D:5      | Reached skill level 8 in Axes
  3201 | D:5      | HP: 2/51 [poisoned by Duvessa]
  3202 | D:5      | Slain by Duvessa

Vault maps used:
D:1:      dpeg_arrival_pond
D:2:      lemuel_round_altar, minmay_liquid_box, serial_bayou_crossing,
          uniq_terence, uniq_natasha
D:3:      minmay_overflow_temple_star_quad, lemuel_zombie_altar_yredelemnul,
          corexii_hall_statues_i
D:4:      first_bread, kennysheep_small_square
D:5:      serial_shops, shop, uniq_grinder, uniq_duvessa, uniq_sigmund

Skill      XL: |  1  2  3  4  5  6 |
---------------+-------------------+-----
Axes           | 3 4 5 6 7 8 |  8.0
Fighting       | |  3.6
Armour         | |  3.6
Shields        | |  3.6

Action                   |  1- 3 |  4- 6 || total
-------------------------+-------+-------++-------
Melee: War axe           |    55 |    37 ||    92
       Headbutt          |     4 |    16 ||    20
       Hand axe          |       |    85 ||    85
  Use: Scroll            |       |     3 ||     3
       Potion            |       |     1 ||     1
  Eat: Chunk             |       |     7 ||     7
Armor: Scale mail        |    42 |    40 ||    82
Dodge: Dodged            |    24 |    24 ||    48
Block: Shield            |    33 |    48 ||    81
